 Dungeon Crawl Stone Soup version 0.19.1-1-g22dce08 (webtiles) character file.

742 Jynx the Destroyer (level 7, -11/36 HPs)
             Began as a Deep Elf Conjurer on Jan 13, 2017.
             Mangled by an ogre
             ... wielding a +0 giant club
              (19 damage)
             ... on level 5 of the Dungeon.
             The game lasted 00:05:13 (5196 turns).

Jynx the Destroyer (Deep Elf Conjurer)              Turns: 5196, Time: 00:05:13

Health: -11/36     AC:  4    Str:  5    XL:     7   Next: 47%
Magic:  10/19      EV: 13    Int: 22    God:
Gold:   152        SH:  0    Dex: 15    Spells: 3 memorised, 9 levels left

rFire  . . .     SeeInvis .     r - +0 dagger (venom)
rCold  . . .     Gourm    +     a - +0 robe
rNeg   . . .     Faith    .     (no shield)
rPois  .         Spirit   .     (no helmet)
rElec  .         Reflect  .     w - +1 cloak
rCorr  .         Harm     .     (no gloves)
MR     .....                    (no boots)
Stlth  ++........               g - amulet of the gourmand
                                (no ring)
                                (no ring)

@: no status effects
A: no striking features
a: no special abilities


You were on level 5 of the Dungeon.
You were very full.

You visited 2 branches of the dungeon, and saw 6 of its levels.

You collected 152 gold pieces.

Inventory:

Hand Weapons
 r - a +0 dagger of venom (weapon)
Armour
 a - a +0 robe (worn)
 w - a +1 cloak (worn)
Jewellery
 g - an amulet of the gourmand (around neck)
 u - an uncursed ring of magical power {unknown}
Scrolls
 e - a scroll of fear {unknown}
 f - 2 scrolls of noise {unknown}
 h - a scroll of fog {unknown}
 k - a scroll of enchant weapon {unknown}
 l - 5 scrolls of amnesia {unknown}
 n - 4 scrolls of identify {unknown}
 q - a scroll of immolation {unknown}
 s - a scroll of remove curse {unknown}
Potions
 i - a potion of flight {unknown}
 j - 3 potions of might {unknown}
 o - a potion of beneficial mutation {unknown}
 p - a potion of magic {unknown}
 x - a potion of degeneration {unknown}
Books
 b - a book of Conjurations

   Spells                             Type                      Level
   a - Magic Dart                     Conjuration                  1
   b - Searing Ray                    Conjuration                  2
   c - Dazzling Spray                 Conjuration/Hexes            3
   d - Fulminant Prism                Conjuration/Hexes            4
   e - Iskenderun's Mystic Blast      Conjuration                  4
   f - Iskenderun's Battlesphere      Conjuration/Charms           5
Comestibles
 c - 4 bread rations
 d - a royal jelly
 m - a beef jerky
 t - a meat ration


   Skills:
 - Level 2.4 Dodging
 - Level 2.4 Stealth
 + Level 6.9 Spellcasting
 * Level 8.7 Conjurations


You had 9 spell levels left.
You knew the following spells:

 Your Spells              Type           Power        Failure   Level  Hunger
a - Magic Dart            Conj           ####         1%          1    None
b - Iskenderun's Mystic   Conj           #####...     2%          4    ###....
c - Iskenderun's Battles  Conj/Chrm      ####....     38%         5    #####..


Dungeon Overview and Level Annotations

Branches:
Dungeon (5/15)             Temple (1/1) D:4

Altars:
Cheibriados
Dithmenos
Elyvilon
Gozag
Hepliaklqana
Kikubaaqudgha
Makhleb
Nemelex Xobeh
Okawaru
Ru
Trog
Uskayaw
Yredelemnul
Zin


Message History

Casting: Magic Dart
Confirm with . or Enter, or press ? or * to list all spells.
Aiming: Iskenderun's Mystic Blast
Press: ? - help, Shift-Dir - straight line, f/p - ogre
Aim: an ogre, wielding a giant club The orb of energy hits the ogre.
The ogre is lightly wounded.
The orb of energy explodes!
The ogre hits you with a giant club!!
Ouch! That really hurt!
* * * LOW HITPOINT WARNING * * *
Casting: Iskenderun's Mystic Blast
Confirm with . or Enter, or press ? or * to list all spells.
Aiming: Iskenderun's Mystic Blast
Press: ? - help, Shift-Dir - straight line, f/p - ogre
Aim: an ogre, wielding a giant club (lightly wounded)
The orb of energy hits the ogre.
The ogre is severely wounded.
The orb of energy explodes!
The ogre hits you with a giant club!!
Ouch! That really hurt!
You die...

#.# ### #.# ... #.# #.#
#.### #.# #...# #.#
####.#########.# #
...............#######.##
####....#####............
####.# #.##@......# #.#
#.##O.!###.# #.# ...##.##
#.# .### ... #.# #. ....[
#.# . #...... #.##.
......## .#. ##.....#
###$###


You could see an ogre.

Vanquished Creatures
  A phantom (D:3)
  A scorpion (D:4)
  A hound (D:4)
  2 orc priests (D:4)
  A bullfrog skeleton (D:4)
  3 jellies
  2 orc wizards (D:4)
  Natasha (D:2)
  2 iguanas (D:4)
  3 worker ants (D:4)
  A worker ant zombie (D:5)
  Robin (D:3)
  5 adders
  2 gnolls (D:1)
  An ooze (D:1)
  An adder skeleton (D:5)
  A worm (D:2)
  2 dart slugs (D:3)
  12 orcs
  6 giant cockroaches
  10 goblins
  10 hobgoblins
  3 jackals (D:3)
  6 kobolds
  2 quokkas
  10 bats
  5 frilled lizards
  9 rats
104 creatures vanquished.

Notes
Turn   | Place    | Note
-------+----------+-------------------------------------------
     0 | D:1      | Jynx the Deep Elf Conjurer began the quest for the Orb.
     0 | D:1      | Reached XP level 1. HP: 10/10 MP: 6/6
   166 | D:1      | Reached XP level 2. HP: 15/15 MP: 3/8
   402 | D:1      | Reached skill level 5 in Conjurations
   642 | D:1      | Reached XP level 3. HP: 19/19 MP: 0/10
   828 | D:2      | Found a basalt altar of Yredelemnul.
   970 | D:2      | Found a snail-covered altar of Cheibriados.
   979 | D:2      | Found a glowing silver altar of Zin.
  1132 | D:2      | Reached XP level 4. HP: 24/24 MP: 9/12
  1424 | D:2      | Found a shadowy altar of Dithmenos.
  1561 | D:2      | Noticed Natasha
  1565 | D:2      | Killed Natasha
  2065 | D:3      | Noticed a phantom
  2093 | D:3      | Killed a phantom
  2093 | D:3      | Reached skill level 5 in Spellcasting
  2093 | D:3      | Reached skill level 6 in Conjurations
  2093 | D:3      | Reached XP level 5. HP: 28/28 MP: 0/14
  2522 | D:3      | Noticed Robin
  2526 | D:3      | Killed Robin
  2696 | D:3      | Reached XP level 6. HP: 32/32 MP: 14/16
  2702 | D:3      | Learned a level 4 spell: Iskenderun's Mystic Blast
  2708 | D:3      | Learned a level 5 spell: Iskenderun's Battlesphere
  2938 | D:3      | Found a hazy altar of Hepliaklqana.
  3064 | D:4      | Reached skill level 7 in Conjurations
  3850 | D:4      | Found a staircase to the Ecumenical Temple.
  3875 | Temple   | Entered the Ecumenical Temple
  4441 | D:4      | Reached XP level 7. HP: 36/36 MP: 14/18
  4515 | D:4      | Reached skill level 8 in Conjurations
  5013 | D:5      | Entered Level 5 of the Dungeon
  5196 | D:5      | Mangled by an ogre

Skill      XL: |  1  2  3  4  5  6  7 |
---------------+----------------------+-----
Conjurations   | 5 6 7 8 |  8.7
Spellcasting   | 4 5 6 |  6.9
Dodging        | |  2.4
Stealth        | |  2.4

Action                   |  1- 3 |  4- 6 |  7- 9 || total
-------------------------+-------+-------+-------++-------
Melee: Unarmed           |    18 |     7 |       ||    25
       Dagger            |       |     7 |       ||     7
 Cast: Magic Dart        |    64 |   166 |    53 ||   283
       Iskenderun's Myst |       |     3 |     4 ||     7
  Eat: Chunk             |    11 |    10 |     2 ||    23
Armor: Robe              |     5 |     4 |     1 ||    10
Dodge: Dodged            |    27 |    24 |     8 ||    59
